AoeStats
← ekansdilos_

Arabia

510003196Analyzed
1v1 RM · 2d ago on Sep 29, 2026· 83m 14s· 2 players
Game mode
Random Map
Map size
Tiny (2 player)
Population
200
Speed
Normal
Resources
Standard
Victory
Conquest
Starting age
Dark Age
Ending age
Imperial Age
RankedLock teamsTeams togetherTeam positionsShared explorationLock speedFull tech treeHidden civsTurbo modeCheats
Victory
Defeat
🇲🇽 Persians · Mexico
448
+16
🇪🇸 Celts · Spain
445
-16
ekansdilos_
0:45 Loom
11:07 Feudal Age
12:31 Wheelbarrow
11:42 Town Watch
12:46 Town Watch
14:33 Double-Bit Axe
21:33 Castle Age
21:51 Horse Collar
22:32 Hand Cart
25:52 Town Patrol
26:49 Bow Saw
26:43 Heavy Plow
26:40 Fletching
33:09 Murder Holes
36:31 Imperial Age
35:54 Stone Mining
35:55 Gold Mining
36:10 Bodkin Arrow
36:25 Forging
36:16 Scale Mail Armor
38:59 Pikeman
39:25 Gambesons
39:25 Arson
40:33 Husbandry
41:18 Arrowslits
41:45 Masonry
42:15 Iron Casting
43:32 Halberdier
44:42 Conscription
46:54 Cavalier
50:09 Chemistry
49:01 Guard Tower
50:11 Fortified Wall
50:22 Ballistics
53:49 Elite Woad Raider
54:08 Paladin
57:50 Sanctity
60:48 Furor Celtica
62:49 Guard Tower
63:50 Heavy Scorpion
71:18 Keep
74:43 Ballistics
77:45 Stone Shaft Mining
Rosco_Bosco
5:30 Loom
11:02 Feudal Age
12:15 Horse Collar
12:34 Double-Bit Axe
13:35 Town Watch
21:28 Castle Age
20:33 Bloodlines
20:31 Gold Mining
20:38 Stone Mining
21:18 Forging
22:50 Wheelbarrow
23:03 Heavy Plow
23:52 Bow Saw
25:48 Husbandry
26:01 Scale Barding Armor
26:04 Light Cavalry
32:25 Fletching
32:53 Murder Holes
33:16 Masonry
33:07 Bodkin Arrow
33:52 Ballistics
38:41 Imperial Age
36:49 Iron Casting
37:18 Hand Cart
37:42 Devotion
38:43 Chain Barding Armor
38:36 Herbal Medicine
38:34 Cavalier
40:22 Blast Furnace
42:01 Plate Barding Armor
50:33 Chemistry
51:50 Kamandaran
51:54 Padded Archer Armor
51:17 Crossbowman
52:03 Thumb Ring
57:11 Architecture
60:21 Citadels
63:09 Block Printing
65:27 Elite War Elephant
66:46 Hoardings
Connection lost

Rejoining the realm…

Still unreachable

The connection could not be restored.

Session expired

The server has moved on; the page needs a fresh start.